 Dungeon Sprint DCSS version 0.28.0-53-g5a82cb258f (webtiles) character file.

Game seed: 12672468618139402466

2500000 Zeld the Intangible (level 19, -6/173 HPs)
             Began as a Djinni Monk on June 5, 2022.
             Was the Champion of Makhleb.
             Mangled by a meat berserker
             ... wielding a +9 battleaxe
              (83 damage)
             ... in the Dungeon (Sprint VIII: "Arena of Blood").
             The game lasted 00:00:50 (25 turns).

Zeld the Intangible (Djinni Monk)                     Turns: 25, Time: 00:00:51

Health: -6/173     AC:  2    Str: 16    XL:     19   Next: 9%
Gold:   0          EV: 29    Int: 13    God:    Makhleb [******] SH:  0 Dex: 17

rFire   + + .      SeeInvis .   g - +∞ Axe of Woe
rCold   x . .      Faith    .   (shield currently unavailable)
rNeg    . . .      Spirit   .   a - +0 robe
rPois   ∞          Reflect  .   (no helmet)
rElec   .          Harm     .   (no cloak)
rCorr   .          Rampage  .   (no gloves)
Will    +....      NoTele   +   (boots unavailable)
Stlth   ++........              (no amulet)
HPRegen 0.38/turn               (no ring)
MPRegen 0.00/turn               (no ring)

@: death channelling, flying
A: sickness immunity, fire resistance 2, cold vulnerability 1, float, innate
caster, HP casting, extra vitality 1
a: Renounce Religion, Minor Destruction, Lesser Servant of Makhleb, Major
Destruction, Greater Servant of Makhleb


You were in the Dungeon.
You worshipped Makhleb.
Makhleb was exalted by your worship.
You visited 1 branch

Inventory:

Hand Weapons
 g - the +∞ Axe of Woe (weapon)
   (You found it in the Dungeon)
Armour
 a - a +0 robe (worn)
Scrolls
 f - a scroll of blinking
Potions
 b - a potion of curing
 c - a potion of heal wounds
 d - a potion of haste
 e - a potion of berserk rage


   Skills:
 + Level 26.8 Fighting
 * Level 25.2 Axes
 O Level 27 Dodging
 - Level 1.5 Stealth
 - Level 3.0 Unarmed Combat
 * Level 20.8 Spellcasting
 * Level 26.0 Invocations


You had 22 spell levels left.
You knew the following spells:

 Your Spells              Type           Power      Damage    Failure   Level
a - Slow                  Hex            100%       N/A       0%          1
b - Call Imp              Summ           61%        N/A       0%          2
c - Summon Guardian Gole  Hex/Summ       61%        N/A       0%          3
d - Spider Form           Tmut/Pois      61%        N/A       0%          3
e - Agony                 Necr           61%        N/A       1%          5
f - Metabolic Englaciati  Hex/Ice        30%        N/A       1%          5
g - Death Channel         Necr           30%        N/A       1%          6
h - Simulacrum            Ice/Necr       30%        N/A       1%          6
i - Starburst             Conj/Fire      30%        6d9       1%          6
Your spell library was empty.

Dungeon Overview and Level Annotations

Branches:
Dungeon (1/1)

Altars:
Makhleb


Innate Abilities, Weirdness & Mutations

You are immune to sickness and miasma.
You are immune to poison.
Your flesh is very heat resistant. (rF++)
You are vulnerable to cold. (rC-)
You float through the air rather than walking.
You learn spells naturally, not from books.
Your magical power is your life essence.
You have superior vitality. (+4 MHP)


Message History

You have reached level 19!
The power to cast Starburst wells up from within.
Spell assigned to 'i'.
Unknown command.
Casting: Death Channel (mildly dangerous; 1% risk of failure)
Confirm with . or Enter, or press ? or * to list all spells.
Casting: Starburst (mildly dangerous; 1% risk of failure)
Press: ? - help, Dir - look around, f - activate Really fire in your spectral bag of meat's direction?
Okay, then.
A meat berserker and a bag of meat come into view.
The meat berserker shouts!
The bag of meat shouts!
You hear a shout!
The meat berserker hits your spectral bag of meat with a +9 battleaxe!!!!
Your spectral bag of meat is destroyed!
The meat berserker hits your spectral bag of meat with a +9 battleaxe!!!
The meat berserker hits you with a +9 battleaxe!!!
You hear a shout!
The meat berserker hits your spectral meat berserker with a +9 battleaxe!!
The meat berserker hits your spectral meat berserker with a +9 battleaxe!!!
You hear a shout!
A meat berserker comes into view. It is wielding a +9 battleaxe.
The bag of meat hits your spectral bag of meat with a +9 war axe!!
Your spectral bag of meat is destroyed!
You hear a shout!
Your spectral bag of meat hits the meat berserker but does no damage.
The meat berserker hits your spectral bag of meat with a +9 battleaxe!!!
The meat berserker hits your spectral meat berserker with a +9 battleaxe!!!
The meat berserker hits your spectral bag of meat with a +9 battleaxe!!
The bag of meat hits your spectral meat berserker with a +9 war axe!!
A bag of meat comes into view. It is wielding a +9 war axe.
You hear a shout!
The meat berserker hits your spectral meat berserker with a +9 battleaxe!!!
The meat berserker hits you with a +9 battleaxe!!!
The meat berserker hits your spectral bag of meat with a +9 battleaxe!!!
You hear a shout!
A bag of meat comes into view. It is wielding a +9 war axe.
Your spectral meat berserker hits the meat berserker!
Your spectral meat berserker drains the meat berserker.
The meat berserker hits you with a +9 battleaxe!!!!
You die...

......###........
....._......oO.
#.....#..o... .
#_.<)_#......
....#..)..#OO....
......._).OoO....
......###ZZOoo...
.###...Z)ZZ###...
#.oO)o@O# ..


#.oOoVOO# ....O.oZ.... ...oO.o....O.O ....o.......o#.o ...........##.oo
.#........#. ... .........#.. ## You could see a destroyer, 4 large bags of
meat, 11 meat berserkers, 16 bags of meat, 4 friendly spectral bags of meat and
2 friendly spectral meat berserkers.

Vanquished Creatures
  8 ogres (D)
  12 orcs (D)
20 creatures vanquished.

Notes
Turn   | Place    | Note
-------+----------+-------------------------------------------
     0 | D        | Found the +∞ Axe of Woe
     0 | D        | Zeld the Djinni Monk began the quest for the Orb.
     0 | D        | Reached XP level 1. HP: 20/20 MP: 0/0
     1 | D        | Noticed a meat berserker
     2 | D        | Noticed a bag of meat
     4 | D        | Became a worshipper of Makhleb the Destroyer
     4 | D        | Reached * piety under Makhleb
     4 | D        | Reached ** piety under Makhleb
     4 | D        | Noticed a bag of meat
     5 | D        | Killed a meat berserker
     5 | D        | Noticed a meat berserker
     5 | D        | Noticed a bag of meat
     6 | D        | Reached skill level 16 in Dodging
     6 | D        | Reached skill level 10 in Spellcasting
     6 | D        | Reached XP level 2. HP: 41/41 MP: 0/0
     6 | D        | Reached XP level 3. HP: 47/47 MP: 0/0
     6 | D        | Learned a level 1 spell: Slow
     6 | D        | Reached XP level 4. HP: 53/53 MP: 0/0
     6 | D        | Reached XP level 5. HP: 58/58 MP: 0/0
     6 | D        | Learned a level 2 spell: Call Imp
     6 | D        | Reached XP level 6. HP: 65/65 MP: 0/0
     6 | D        | Reached XP level 7. HP: 70/70 MP: 0/0
     6 | D        | Learned a level 3 spell: Summon Guardian Golem
     6 | D        | Reached XP level 8. HP: 76/76 MP: 0/0
     6 | D        | Reached XP level 9. HP: 82/82 MP: 0/0
     6 | D        | Learned a level 3 spell: Spider Form
     6 | D        | Reached XP level 10. HP: 88/88 MP: 0/0
     6 | D        | Reached XP level 11. HP: 94/94 MP: 0/0
     6 | D        | Learned a level 5 spell: Agony
     6 | D        | Reached XP level 12. HP: 100/100 MP: 0/0
     6 | D        | Noticed a bag of meat
     7 | D        | Noticed a meat berserker
     8 | D        | Killed a meat berserker
     8 | D        | Noticed a meat berserker
     9 | D        | Reached skill level 18 in Dodging
     9 | D        | Reached skill level 15 in Invocations
     9 | D        | Reached XP level 13. HP: 111/111 MP: 0/0
     9 | D        | Learned a level 5 spell: Metabolic Englaciation
     9 | D        | Killed a bag of meat
    10 | D        | Reached skill level 19 in Dodging
    10 | D        | Reached XP level 14. HP: 119/119 MP: 0/0
    10 | D        | Noticed a bag of meat
    10 | D        | Noticed a bag of meat
    11 | D        | Killed a bag of meat
    11 | D        | Reached *** piety under Makhleb
    11 | D        | Killed a meat berserker
    12 | D        | Reached skill level 15 in Axes
    12 | D        | Reached skill level 21 in Dodging
    12 | D        | Reached XP level 15. HP: 68/129 MP: 0/0
    12 | D        | Learned a level 6 spell: Death Channel
    12 | D        | Killed a meat berserker
    12 | D        | Reached **** piety under Makhleb
    13 | D        | Reached skill level 23 in Dodging
    13 | D        | Reached skill level 15 in Spellcasting
    13 | D        | Reached XP level 16. HP: 102/140 MP: 0/0
    13 | D        | Noticed a meat berserker
    13 | D        | Noticed a meat berserker
    15 | D        | Reached ***** piety under Makhleb
    15 | D        | Noticed a meat berserker
    15 | D        | Noticed a meat berserker
    15 | D        | Noticed a meat berserker
    16 | D        | Reached skill level 24 in Dodging
    16 | D        | Noticed a large bag of meat
    16 | D        | Noticed a meat berserker
    16 | D        | Noticed a meat berserker
    17 | D        | Killed a meat berserker
    18 | D        | Reached skill level 25 in Dodging
    18 | D        | Reached XP level 17. HP: 63/149 MP: 0/0
    18 | D        | Learned a level 6 spell: Simulacrum
    19 | D        | Killed a meat berserker
    19 | D        | Killed a meat berserker
    19 | D        | Noticed a meat berserker
    19 | D        | Noticed a large bag of meat
    20 | D        | Reached skill level 27 in Dodging
    20 | D        | Reached XP level 18. HP: 161/161 MP: 0/0
    20 | D        | Noticed a meat berserker
    21 | D        | Killed a meat berserker
    21 | D        | Noticed a large bag of meat
    21 | D        | Noticed a meat berserker
    22 | D        | Noticed a destroyer
    22 | D        | Noticed a meat berserker
    22 | D        | Noticed a meat berserker
    22 | D        | Noticed a meat berserker
    23 | D        | Noticed a large bag of meat
    23 | D        | Reached ****** piety under Makhleb
    25 | D        | Reached XP level 19. HP: 173/173 MP: 0/0
    25 | D        | Learned a level 6 spell: Starburst
    25 | D        | Noticed a meat berserker
    25 | D        | Noticed a meat berserker
    25 | D        | Mangled by a meat berserker

Illustrated notes

Levels and vault maps discovered:
D:        meatsprint

Skill      XL: |  1  2  3  4  5  6  7  8  9 10 11 12 13 14 15 16 17 18 |
---------------+-------------------------------------------------------+-----
Fighting       | 14 16 17 19 21 22 24 26 | 26.8
Axes           | 11 12 13 15 16 19 22 25 | 25.2
Dodging        | 16 18 19 21 23 25 27 | 27.0
Spellcasting   | 10 12 14 15 17 19 20 | 20.8
Invocations    | 13 15 16 18 20 21 23 26 | 26.0
Stealth        | |  1.5
Unarmed Combat | |  3.0

Action                   |  1- 3 |  4- 6 |  7- 9 | 10-12 | 13-15 | 16-18 | 19-21 || total
-------------------------+-------+-------+-------+-------+-------+-------+-------++-------
Melee: Executioner's axe |     1 |       |       |     1 |     3 |     8 |       ||    13
 Cast: Death Channel     |       |       |       |       |       |     1 |       ||     1
Dodge: Dodged            |       |       |       |     1 |       |     1 |       ||     2
